Map: 天界封锁

Players

邀月

  • Race: Protoss Protoss
  • League: Master
  • Spawn Location: 7:00

二年级二班永亮

  • Race: Terran Terran
  • Spawn Location: 6:00

VOD

Have the link to the VOD?

Description

Time

  • Played on: Feb. 25, 2018, 7:29 a.m.
  • Length: 10:19
Show
View Real Time Build Order
Export as new Build Order

邀月 Protoss 

Build Orders:  

Get SALT Encoding   

  12  0:06  Probe (Chrono Boost)  
  13  0:18  Probe (Chrono Boost)  
  15  0:30  Probe (Chrono Boost)  
  15  0:34  Assimilator  
  15  0:42  Probe (Chrono Boost)  
  15  0:44  Assimilator  
  16  0:54  Probe (Chrono Boost)  
  17  1:01  Pylon  
  17  1:07  Probe (Chrono Boost)  
  18  1:19  Probe (Chrono Boost)  
  19  1:29  Robotics Facility  
  19  1:32  Probe (Chrono Boost)  
  20  1:44  Probe (Chrono Boost)  
  21  1:51  Robotics Bay  
  21  1:56  Probe (Chrono Boost)  
  22  2:08  Probe (Chrono Boost)  
  23  2:10  Forge  
  23  2:19  Immortal  
  24  2:20  Probe (Chrono Boost)  
  24  2:36  Taldarin's A.I. Personality  
  28  2:55  Purifier Armaments  
  28  3:07  Colossus  
  34  3:23  Warbringer's A.I. Personality  
  34  3:39  Probe (Chrono Boost)  
  35  3:50  Cybernetics Core  
  35  3:51  Gateway  
  35  3:54  Twilight Council  
  35  4:00  Gravimetric Overload  
  35  4:13  Observer  
  37  4:42  Probe (Chrono Boost)  
  37  4:53  Kaldalis' A.I. Personality  
  37  4:55  Psionic Projection  
  38  5:00  Warp Gate  
  38  5:03  Probe (Chrono Boost)  
  38  5:06  Pylon  
  33  5:20  Probe (Chrono Boost)  
  39  5:21  Gateway  
  39  5:24  Gateway  
  39  5:30  Talis' A.I. Personality  
  39  5:33  Gateway  
  39  5:34  Gateway  
  39  5:37  Empowered Blades  
  40  6:20  Probe (Chrono Boost)  
  40  6:33  Observation Protocol, Legionnaire  
  44  6:42  Adept x2  
  44  6:44  Probe (Chrono Boost)  
  48  6:51  Conservator  
  49  7:12  Conservator  
  49  7:23  Pylon  
  49  7:25  Pylon  
  46  7:34  Adept x2  
  50  7:43  Legionnaire  
  51  7:52  Pylon  
  49  8:24  Legionnaire  
  49  8:25  Adept x2  
  54  8:54  Observer  
  54  9:00  Conservator  
  54  9:02  Adept x2, Legionnaire  
  54  9:03  Legionnaire  
  56  9:37  Adept  
  56  9:38  Legionnaire x3  
  67  9:55  Adept  
Show
View Real Time Build Order
Export as new Build Order

二年级二班永亮 Terran 

Build Orders:  

Get SALT Encoding   

  12  0:21  SCV  
  13  0:37  SCV  
  14  0:54  SCV  
  15  8:10  SCV  
  15  9:14  SCV  
  14  9:30  SCV  
  12  9:47  SCV  
Tags
 
Commander
FenixRaynor
League
Master
Matchup
Co-op
Replay Pack
Co-op Speedrun
Add a new tag
Caveats
  • Supply blocks, unpowered buildings, or Contaminate may cause inaccurate times.
  • Supply counts are checked every 10 seconds.